 Dungeon Crawl Stone Soup version 0.31-a0-219-g8d62b2e7bb (webtiles) character file.

Game seed: 6761629716400623417

113 Demosthentine the Poker (level 4, -1/52 HPs)
             Began as a Demonspawn Gladiator on July 3, 2023.
             Slain by a goblin
             ... wielding a +0 dagger
             ... led by Robin
              (5 damage)
             ... on level 2 of the Dungeon.
             The game lasted 00:01:22 (1426 turns).

Demosthentine the Poker (Demonspawn Gladiator)      Turns: 1426, Time: 00:01:23

Health: -1/52      AC:  4    Str: 17    XL:     4   Next: 65%
Magic:  4/4        EV: 14    Int:  9    God:
Gold:   52         SH:  0    Dex: 14    Spells: 3/3 levels left

rFire   . . .        a - +0 trident (freeze)
rCold   . . .        (no shield)
rNeg    . . .        b - +0 leather armour
rPois   .            c - +0 helmet
rElec   .            (no cloak)
rCorr   .            (no gloves)
SInv    .            (no boots)
Will    .....        (no amulet) Stlth
                     (no ring)
HPRegen 0.28/turn    (no ring)
MPRegen 0.18/turn

%: no passive effects
@: berserking, very quick
A: repulsion field 1, magic regeneration
a: no special abilities


You were on level 2 of the Dungeon.
You visited 1 branch of the dungeon, and saw 2 of its levels.

You collected 52 gold pieces.

Inventory:

Hand Weapons
 a - a +0 trident of freezing (weapon)
Missiles
 d - 3 throwing nets (quivered)
 e - a javelin
Armour
 b - a +0 leather armour (worn)
 c - a +0 helmet (worn)
Scrolls
 f - 2 scrolls of teleportation {unknown}
Potions
 g - a potion of might {unknown}
 i - a potion of lignification {unknown}


   Skills:
 + Level 3.0 Fighting
 + Level 3.3 Polearms
 - Level 1.7 Throwing
 + Level 1.7 Armour
 + Level 3.3 Dodging


You had 3 spell levels left.
You didn't know any spells.
Your spell library was empty.

Dungeon Overview and Level Annotations

Branches:
Dungeon (2/15)

Altars:

Annotations:
D:2 Robin


Innate Abilities, Weirdness & Mutations

You are surrounded by a mild repulsion field. (EV +2)
You regenerate magic rapidly.


Message History

The goblin hits you with a +0 dagger.
* * * LOW HITPOINT WARNING * * *
A hobgoblin comes into view.
Unknown command.
You feel better. The goblin closely misses you. The goblin barely misses you.
You barely miss the goblin.
The goblin is heavily wounded.
The goblin hits you with a +0 dagger.
* * * LOW HITPOINT WARNING * * *
The goblin misses you.
You closely miss the goblin.
The goblin is heavily wounded.
The goblin closely misses you. x2
Unknown command.
You puncture the goblin! You freeze the goblin.
You kill the goblin!
The goblin hits you with a +0 dagger.
* * * LOW HITPOINT WARNING * * *
The goblin closely misses you.
Your Fighting skill increases to level 3!
Unknown command.
It was a potion of berserk rage.
A red film seems to cover your vision as you go berserk!
You feel yourself moving faster!
You feel mighty!
The goblin no longer looks unusually strong.
The goblin barely misses you.
You closely miss the goblin. You barely miss the goblin. The goblin misses you.
You barely miss the goblin.
The hobgoblin no longer looks unusually strong.
Robin throws the goblin at you! The goblin hits you but does no damage.
The goblin hits you with a +0 dagger.
* * * LOW HITPOINT WARNING * * *
You completely miss the goblin.
Robin roars a battlecry!
The goblins go into a battle-frenzy!
The goblin hits you with a +0 dagger.
* * * LOW HITPOINT WARNING * * *
The goblin hits you with a +0 dagger.
You die...

.................................
....###...†....##################
....# #........#.... ........†...
....# ##########.... ###...)#...
....### #... #....#... .)...)#
#..#######....##.. ..†...# #..
#).......###.. ......# #g#
#....#...# ##. ....### ### #@#
#....#...# ## ............ #g#
#...##..## # .............
#g###.####..# ####
.....[........##gg........####...
................g........###.....
###..........g##.......####......
###........g..##))..#### #..####.
#.#.#.(..g....##.#### ##..##...
..............##.. #...#....


You could see Robin, 2 hobgoblins and 3 goblins.

Vanquished Creatures
  Terence (D:2)
  3 adders (D:2)
  A worm (D:2)
  2 dart slugs
  A ball python (D:1)
  3 bats
  7 endoplasms
  4 giant cockroaches
  2 hobgoblins (D:2)
  6 quokkas
  10 goblins
  3 kobolds
  6 rats
49 creatures vanquished.

Notes
Turn   | Place    | Note
-------+----------+-------------------------------------------
     0 | D:1      | Demosthentine the Demonspawn Gladiator began the quest for
                  | the Orb.
     0 | D:1      | Reached XP level 1. HP: 16/16 MP: 1/1
   118 | D:1      | Gained mutation: You regenerate magic rapidly. [demonic
                  | ancestry]
   118 | D:1      | Reached XP level 2. HP: 22/22 MP: 2/2
   770 | D:2      | Reached skill level 1 in Armour
   770 | D:2      | Gained mutation: You are surrounded by a mild repulsion
                  | field. (EV +2) [demonic ancestry]
   770 | D:2      | Reached XP level 3. HP: 28/28 MP: 3/3
   912 | D:2      | Noticed Terence
   916 | D:2      | Killed Terence
   987 | D:2      | Reached XP level 4. HP: 22/34 MP: 4/4
  1050 | D:2      | Found a faded altar of an unknown god.
  1401 | D:2      | Noticed Robin
  1426 | D:2      | Slain by a goblin

Illustrated notes

Levels and vault maps discovered:
D:1:      sevenhm_arrival_forest_fort_small_5, layout_loops_ring
D:2:      minmay_recursive_quarters, layout_basic,
          chequers_ecumenical_altar_island, st_stairs_12, uniq_robin,
          uniq_terence

Skill      XL: |  1  2  3  4 |
---------------+-------------+-----
Dodging        | 3 |  3.3
Polearms       | 3 |  3.3
Armour         | 1 |  1.7
Fighting       | 3 |  3.0
Throwing       | |  1.7

Action                     |  1- 3 |  4- 6 || total
---------------------------+-------+-------++-------
  Melee: Trident           |    90 |    58 ||   148
         Punch             |     1 |     1 ||     2
    Use: Scroll            |     3 |       ||     3
         Potion            |       |     3 ||     3
   Stab: Sleeping          |     3 |       ||     3
 Armour: Leather armour    |    20 |    11 ||    31
  Dodge: Dodged            |    51 |    39 ||    90

Table legend: (Time is in decaauts)
 A = Elapsed time spent in this place.
 B = Non-inter-level travel time spent in this place.
 C = Inter-level travel time spent in this place.
 D = Time resting spent in this place.
 E = Time spent auto-exploring this place.
 F = Levels seen in this place.
 G = Mean time per level.
                   A        B        C        D        E       F      G
               +--------+--------+--------+--------+--------+-----+--------+
         Total |   1455 |   1421 |     34 |      0 |   1135 |   2 |  727.5 |
       Dungeon |   1455 |   1421 |     34 |      0 |   1135 |   2 |  727.5 |
               +--------+--------+--------+--------+--------+-----+--------+

Top non-repeatable levels by time:
     D:1: 770 daAuts
     D:2: 685 daAuts
